 Dungeon Crawl Stone Soup version 0.23.2-1-ga50397a (webtiles) character file.

Game seed: 593836240451172065

574 doot the Spear-Bearer (level 7, -2/56 HPs)
             Began as a Merfolk Chaos Knight on Apr 25, 2019.
             Was a Plaything of Xom.
             Slain by an orc warrior
             ... wielding a +0 scimitar
              (12 damage)
             ... on level 6 of the Dungeon.
             The game lasted 00:06:38 (3644 turns).

doot the Spear-Bearer (Merfolk Chaos Knight)        Turns: 3644, Time: 00:06:39

Health: -2/56      AC:  8    Str: 11    XL:     7   Next: 35%
Magic:  7/7        EV: 19    Int: 12    God:    Xom [*.....]
Gold:   215        SH:  0    Dex: 19    Spells: 6/6 levels left

rFire    . . .     SeeInvis .   a - +1 spear (chaos)
rCold    . . .     Gourm    .   (no shield)
rNeg     . . .     Faith    .   b - +3 leather armour
rPois    +         Spirit   .   (no helmet)
rElec    .         Reflect  .   (no cloak)
rCorr    .         Harm     .   (no gloves)
MR       .....                  (no boots)
Stlth    +++.......             (no amulet)
HPRegen  0.18/turn              (no ring)
MPRegen  0.10/turn              (no ring)

@: agile
A: change form in water, swift swim, stealthy swim, molten scales 1, poison
resistance, screaming 1, weak 1
a: Renounce Religion


You were on level 6 of the Dungeon.
You worshipped Xom.
You were a special plaything of Xom.
You were not hungry.

You visited 1 branch of the dungeon, and saw 6 of its levels.

You collected 215 gold pieces.

Inventory:

Hand Weapons
 a - a +1 spear of chaos (weapon)
Armour
 b - a +3 leather armour (worn)
Jewellery
 w - an uncursed ring of magical power {unknown}
Scrolls
 d - 3 scrolls of identify
 g - 2 scrolls of fear
 h - a scroll of enchant armour
 i - 2 scrolls of teleportation
 j - 2 scrolls of magic mapping
 n - a scroll of enchant weapon
 o - a scroll of immolation {unknown}
 q - a scroll of fog
Potions
 e - a potion of ambrosia {unknown}
 k - 2 potions of brilliance
 l - 2 potions of haste
 p - 2 potions of invisibility {unknown}
 r - a potion of heal wounds {unknown}
 s - 2 potions of flight {unknown}
 t - a potion of curing {unknown}
 u - a potion of might {unknown}
Comestibles
 c - 9 rations
 x - 5 chunks of flesh


   Skills:
 + Level 5.0 Fighting
 + Level 8.0 Polearms
 + Level 2.0 Armour
 + Level 4.3 Dodging
 + Level 3.5 Stealth


You had 6 spell levels left.
You didn't know any spells.
Your spell library was empty.

Dungeon Overview and Level Annotations

Branches:
Dungeon (6/15)             Temple (0/1) D:5

Altars:
Trog
Xom

Shops:
D:4 }


Innate Abilities, Weirdness & Mutations

You revert to your normal form in water You are very nimble and swift while swimming.
You are very stealthy in the water. (Stealth+)
You are partially covered in molten scales. (AC +2)
Your system is resistant to poisons. (rPois)
You occasionally shout uncontrollably at your foes.
You are weak. (Str -2)


Message History

The leopard gecko hisses menacingly.
You barely miss something. Something bites you.
* * * LOW HITPOINT WARNING * * *
You hit something but do no damage.
Nothing appears to happen.
An orc priest comes into view. It is wielding a -3 short sword.
A black bear comes into view.
Your extra speed is starting to run out.
Found a stone staircase leading down.
An orc warrior comes into view. It is wielding a +0 scimitar.
You shout at the orc!
An orc and an orc wizard come into view.
The orc priest shouts!
The orc shouts!
The orc warrior shouts!
Xom notices you.
Nothing appears to happen.
You feel yourself slow down.
Xom asks Qazlal to spice things up a little.
There is a stone staircase leading down here.
The orc warrior hits you with a +0 scimitar!
You die...
Xom bursts into laughter!

# #.....# # #.....# #
#.....# # #.....# #
#.....#
#########.....##########
..{.....................
...............§§§......
.............l.§@§......
..(............oo§......
................§o......
........................
...............o........
........................
..... ...............
...############


You could see an orc warrior, an orc priest, an orc wizard (wandering), an orc
and a leopard gecko.

Vanquished Creatures
  A necrophage (D:5)
  A bullfrog (D:5)
  A wyvern skeleton (D:5)
  A scorpion (D:4)
  A hound (D:2)
  2 centaur skeletons
  An orc priest (D:3)
  An iguana (D:5)
  2 worker ants (D:4)
  4 adders
  An ooze (D:4)
  An adder skeleton (D:4)
  3 worms
  A dart slug (D:2)
  4 leopard geckos
  9 orcs
  2 ball pythons (D:4)
  3 giant cockroaches
  7 goblins
  4 hobgoblins
  12 jackals
  4 kobolds
  A quokka (D:4)
  7 bats
  3 frilled lizards
  6 rats
83 creatures vanquished.

Vanquished Creatures (collateral kills)
  A worker ant (D:4)
  A giant cockroach (D:4)
  2 jackals (D:4)
4 creatures vanquished.

Grand Total: 87 creatures vanquished

Notes
Turn   | Place    | Note
-------+----------+-------------------------------------------
     0 | D:1      | doot the Merfolk Chaos Knight began the quest for the Orb.
     0 | D:1      | Reached XP level 1. HP: 18/18 MP: 1/1
    45 | D:1      | XOM: harmless Pois miscast
   116 | D:1      | Reached XP level 2. HP: 15/24 MP: 2/2
   223 | D:1      | XOM: divination: magic mapping
   386 | D:1      | XOM: divination: detect creatures
   428 | D:1      | Reached XP level 3. HP: 24/30 MP: 3/3
   547 | D:1      | Reached skill level 5 in Polearms
   637 | D:2      | Found a bloodstained altar of Trog.
   951 | D:2      | XOM: harmless Fire miscast
   960 | D:2      | Reached skill level 1 in Armour
   960 | D:2      | Reached skill level 1 in Stealth
   960 | D:2      | Reached XP level 4. HP: 20/37 MP: 4/4
  1007 | D:2      | XOM: divination: detect creatures
  1706 | D:3      | XOM: confuse monster(s)
  1732 | D:3      | Reached XP level 5. HP: 35/43 MP: 5/5
  1742 | D:3      | Reached skill level 6 in Polearms
  1745 | D:3      | XOM: 5-stop teleportation journey
  1814 | D:3      | XOM: give mutations
  1814 | D:3      | Gained mutation: You occasionally shout uncontrollably at
                  | your foes. [Xom's mischief]
  1814 | D:3      | Gained mutation: You are weak. (Str -2) [Xom's mischief]
  2053 | D:3      | XOM: harmless Tmut miscast
  2176 | D:3      | XOM: scenery: create altars
  2339 | D:3      | XOM: noise
  2364 | D:3      | Found a faded altar of an unknown god.
  2422 | D:4      | XOM: harmless Ice miscast
  2494 | D:4      | Reached XP level 6. HP: 36/49 MP: 6/6
  2701 | D:4      | XOM: god gift: ration
  2718 | D:4      | Found Duexuro's Gadget Emporium.
  2898 | D:4      | Reached skill level 7 in Polearms
  3193 | D:4      | XOM: summons 6 friendly demons
  3251 | D:4      | XOM: give mutations
  3251 | D:4      | Gained mutation: You are partially covered in molten
                  | scales. (AC +2) [Xom's grace]
  3251 | D:4      | Gained mutation: Your system is resistant to poisons.
                  | (rPois) [Xom's grace]
  3469 | D:5      | Entered Level 5 of the Dungeon
  3481 | D:5      | Noticed a necrophage
  3490 | D:5      | XOM: summons friendly shadow imp
  3505 | D:5      | Killed a necrophage
  3508 | D:5      | Reached XP level 7. HP: 42/55 MP: 7/7
  3515 | D:5      | Found a shimmering altar of Xom.
  3574 | D:5      | XOM: fake destruction
  3579 | D:5      | XOM: potion effect (agility)
  3589 | D:5      | Reached skill level 8 in Polearms
  3591 | D:5      | Reached skill level 5 in Fighting
  3610 | D:5      | XOM: 1-stop teleportation journey
  3641 | D:6      | XOM: harmless Conj miscast
  3643 | D:6      | XOM: fog
  3644 | D:6      | Slain by an orc warrior

Skill      XL: |  1  2  3  4  5  6  7 |
---------------+----------------------+-----
Fighting       | 4 5 |  5.0
Dodging        | 3 4 |  4.3
Polearms       | 5 6 7 8 |  8.0
Armour         | 1 2 |  2.0
Stealth        | 1 2 3 |  3.5

Action                   |  1- 3 |  4- 6 |  7- 9 || total
-------------------------+-------+-------+-------++-------
Melee: Spear             |    87 |   238 |    32 ||   357
  Use: Scroll            |       |       |     8 ||     8
       Potion            |       |       |     1 ||     1
 Stab: Paralysed         |     3 |     3 |       ||     6
       Sleeping          |     2 |     3 |     1 ||     6
       Confused          |       |     2 |       ||     2
       Petrifying        |       |     1 |       ||     1
       Petrified         |       |     2 |       ||     2
       Distracted        |       |     1 |       ||     1
  Eat: Chunk             |       |     7 |       ||     7
       Ration            |       |       |     1 ||     1
Armor: Leather armour    |    24 |    43 |     4 ||    71
Dodge: Dodged            |    54 |    85 |    19 ||   158
